 Dungeon Crawl Stone Soup version 0.31-a0-986-g5e6e4ef867 (webtiles) character file.

Game seed: 3506873603450142861

249698 Persephone the Warrior (level 18, -1/178 HPs)
             Began as a Minotaur Monk on Nov 10, 2023.
             Was a High Priest of the Shining One.
             Slain by a vault warden
             ... wielding a +3 glaive of holy wrath
              (17 damage)
             ... on level 2 of the Vaults.
             The game lasted 00:58:04 (37411 turns).

Persephone the Warrior (Minotaur Monk)             Turns: 37411, Time: 00:58:05

Health: -1/178     AC: 33    Str: 24    XL:     18   Next: 88%
Magic:  22/24      EV: 10    Int:  7    God:    the Shining One [*****.]
Gold:   2899       SH: 24    Dex: 18    Spells: 17/17 levels left

rFire   + . .        V - +6 broad axe (freeze)
rCold   . . .        W - +1 buckler {AC+3}
rNeg    + + +        G - +2 plate armour {rPois}
rPois   +            H - +0 mask of the Dragon {Will+ Slay+3 SInv}
rElec   .            t - +2 cloak "Paligua" {Str+3 Dex+2}
rCorr   +            f - +2 pair of gloves
SInv    +            Z - +0 pair of boots
Will    ++++.        C - amulet of reflection Stlth
                     a - ring "Uchul" {Will+ rCorr}
HPRegen 0.49/turn    P - ring "Futiduko" {rF+ rN+ SInv Stlth-}
MPRegen 0.19/turn

%: reflection
@: divinely shielded, glowing
A: horns 2, retaliatory headbutt, strong-willed 1
}: 2/15 runes: barnacled, gossamer
a: Renounce Religion, Divine Shield, Cleansing Flame, Summon Divine Warrior


You were on level 2 of the Vaults.
You worshipped the Shining One.
The Shining One was extremely pleased with you.
You visited 7 branches of the dungeon, and saw 32 of its levels.
You also visited: Bailey.

You collected 4971 gold pieces.
You spent 2072 gold pieces at shops.

Inventory:

Hand Weapons
 i - a +0 war axe of flaming
 o - a +4 heavy war axe
 V - a +6 broad axe of freezing (weapon)
Missiles
 g - 10 silver javelins
Armour
 f - a +2 pair of gloves (worn)
 t - the +2 cloak "Paligua" (worn) {Str+3 Dex+2}
   (You found it on level 4 of the Dungeon)

   Str+3:     It affects your strength (+3).
   Dex+2:     It affects your dexterity (+2).
 G - a +2 plate armour of poison resistance (worn)
 H - the +0 mask of the Dragon (worn) {Will+ Slay+3 SInv}
   (You bought it in a shop on level 7 of the Dungeon)

   Slay+3:    It affects your accuracy & damage with ranged weapons and melee
   (+3).
   Will+:     It increases your willpower.
   SInv:      It lets you see invisible.
 K - a +0 kite shield
 W - a +1 buckler of protection (worn)
 Z - a +0 pair of boots (worn)
Jewellery
 a - the ring "Uchul" (left hand) {Will+ rCorr}
   (You bought it in a shop on level 6 of the Dungeon)

   [ring of resist corrosion]

   Will+:     It increases your willpower.
   rCorr:     It protects you from acid and corrosion.
 p - a ring of protection from cold
 x - a ring of willpower
 C - an amulet of reflection (around neck)
 P - the ring "Futiduko" (right hand) {rF+ rN+ SInv Stlth-}
   (You found it on level 1 of the Lair of Beasts)

   [ring of protection from fire]

   rF+:       It protects you from fire.
   rN+:       It protects you from negative energy.
   SInv:      It lets you see invisible.
   Stlth-:    It makes you less stealthy.
 Y - an amulet of regeneration
Wands
 c - a wand of paralysis (19)
 r - a wand of acid (36)
 y - a wand of polymorph (32)
 B - a wand of iceblast (23)
 O - a wand of mindburst (16)
 Q - a wand of digging (6)
Scrolls
 h - 5 scrolls of poison
 k - 2 scrolls of amnesia
 m - 24 scrolls of identify
 s - 6 scrolls of fog
 A - 12 scrolls of teleportation
 D - 3 scrolls of silence
 L - 3 scrolls of enchant armour
 M - 3 scrolls of revelation
 S - 5 scrolls of vulnerability
 T - 2 scrolls of immolation
 U - a scroll of brand weapon
Potions
 b - a potion of heal wounds
 e - 8 potions of mutation
 j - 3 potions of lignification
 l - 5 potions of invisibility
 n - 2 potions of cancellation
 q - a potion of resistance
 u - 9 potions of curing
 v - 4 potions of attraction
 w - 9 potions of enlightenment
 z - 3 potions of brilliance
 E - a potion of might
 I - 3 potions of haste
 J - 2 potions of magic
 N - 8 potions of ambrosia
 X - 6 potions of degeneration


   Skills:
 + Level 20.1 Fighting
 - Level 18.0 Axes
 - Level 16.0 Throwing
 + Level 19.7 Armour
 + Level 4.4 Dodging
 + Level 13.0 Shields
 + Level 10.1 Invocations


You had 17 spell levels left.
You didn't know any spells.
Your spell library contained the following spells:

 Spells                   Type           Power      Damage    Failure   Level
 Apportation              Tloc           0%         N/A       96%         1
 Necrotise                Necr           0%         1d4       96%         1
 Sandblast                Erth           0%         2d4       96%         1
 Shock                    Conj/Air       0%         1d3       96%         1
 Sting                    Tmut/Pois      0%         1d3       96%         1
 Summon Small Mammal      Summ           0%         N/A       96%         1
 Ensorcelled Hibernation  Hex/Ice        0%         N/A       99%         2
 Jinxbite                 Hex            0%         N/A       99%         2
 Lesser Beckoning         Tloc           0%         N/A       99%         2
 Passwall                 Tmut/Erth      0%         N/A       99%         2
 Poisonous Vapours        Pois/Air       0%         N/A       99%         2
 Scorch                   Fire           0%         2d5       99%         2
 Sublimation of Blood     Necr           0%         N/A       99%         2
 Call Canine Familiar     Summ           0%         N/A       100%        3
 Frozen Ramparts          Ice            0%         1d1       100%        3
 Gell's Gravitas          Tloc           0%         N/A       100%        3
 Stone Arrow              Conj/Erth      0%         3d7       100%        3
 Summon Guardian Golem    Hex/Summ       0%         N/A       100%        3
 Swiftness                Air            0%         N/A       100%        3
 Teleport Other           Tloc           0%         N/A       100%        3
 Airstrike                Air            0%         2d(0-16)  100%        4
 Anguish                  Hex/Necr       0%         N/A       100%        4
 Brom's Barrelling Bould  Conj/Erth      0%         2d3       100%        4
 Flame Wave               Conj/Fire      0%         2d4       100%        4
 Olgreb's Toxic Radiance  Pois           0%         N/A       100%        4
 Petrify                  Tmut/Erth      0%         N/A       100%        4
 Alistair's Intoxication  Tmut/Pois      0%         N/A       100%        5
 Borgnjor's Vile Clutch   Necr/Erth      0%         N/A       100%        5
 Irradiate                Conj/Tmut      0%         3d11      100%        5
 Metabolic Englaciation   Hex/Ice        0%         N/A       100%        5
 Summon Forest            Summ/Tloc      0%         N/A       100%        5
 Summon Mana Viper        Hex/Summ       0%         N/A       100%        5
 Eringya's Noxious Bog    Tmut/Pois      0%         4d6       100%        6
 Summon Cactus Giant      Summ           0%         N/A       100%        6
 Orb of Destruction       Conj           0%         9d5       100%        7
 Spellforged Servitor     Conj/Summ      0%         N/A       100%        7
 Discord                  Hex            0%         N/A       100%        8
 Ignition                 Fire           0%         3d3       100%        8


Dungeon Overview and Level Annotations

Branches:
Dungeon (14/15)            Temple (1/1) D:6            Lair (5/5) D:10
 Shoals (4/4) Lair:2       Spider (4/4) Lair:2        Slime (0/5) Lair:4
    Orc (2/2) D:9             Elf (0/3) Orc:2        Vaults (2/5) D:14
 Bailey (visited)
  Crypt: Vaults:2-3

Altars:
Ashenzari
Cheibriados
Dithmenos
Elyvilon
Fedhas
Gozag
Hepliaklqana
Kikubaaqudgha
Makhleb
Nemelex Xobeh
Okawaru
Qazlal
Ru
Sif Muna
Trog
Uskayaw
Vehumet
Wu Jian
Xom
Yredelemnul
Zin
The Shining One
Jiyva

Shops:
D:3 :   D:4 [   D:6 =   D:7 [   D:10 !*   Orc:2 *??[

Annotations:
D:7 exclusion: oklob plant
D:10 1 runed translucent door, flord's ghost, journeyman MiFi
Lair:5 2 transporters, Ynuawnun's ghost, journeyman MiFi


Innate Abilities, Weirdness & Mutations

You have a pair of horns on your head.
You reflexively headbutt those who attack you in melee.
You are strong-willed. (Will+)


Message History

* * * LOW HITPOINT WARNING * * *
You slice the yaktaur!! You freeze the yaktaur.
The yaktaur is severely wounded.
You slash the yaktaur! You freeze the yaktaur. You block the yaktaur's attack.
You slice the yaktaur!! You freeze the yaktaur!
You kill the yaktaur!
You hit the yaktaur. You freeze the yaktaur. You block the yaktaur's attack.
The vault warden activates a sealing rune.
You slash the yaktaur! You freeze the yaktaur.
The yaktaur is almost dead.
You block the yaktaur's attack.
The vault warden hits you but does no damage.
You slice the yaktaur!! You freeze the yaktaur.
You kill the yaktaur!
You block the vault warden's attack.
Things that are here:
a +0 arbalest; a yaktaur corpse You slash the vault warden!
You freeze the vault warden. You headbutt the vault warden.
The vault warden is lightly wounded.
The vault warden hits you but does no damage.
You slash the vault warden! You freeze the vault warden.
The vault warden is heavily wounded.
You block the vault warden's attack.
You barely miss the vault warden.
The vault warden is heavily wounded.
The vault warden hits you with a +3 glaive of holy wrath.
* * * LOW HITPOINT WARNING * * *
You completely miss the vault warden. Your headbutt misses the vault warden.
The vault warden is moderately wounded.
You hit the vault warden but do no damage.
You headbutt the vault warden!
The vault warden is heavily wounded.
The vault warden hits you with a +3 glaive of holy wrath!
* * * LOW HITPOINT WARNING * * *
You hit the vault warden. You freeze the vault warden.
You headbutt the vault warden, but do no damage.
The vault warden is heavily wounded.
The vault warden hits you with a +3 glaive of holy wrath!
You die...

#.....#.......#.......#
#.....#.......#.......#
#.....#.......#.......#
#.....#########.......#
#......
.............#+### #...
.................. #...
..................
.........#########
.......@)# .......p.+
.........# .........#
.........# .........#
.........# .........#


You could see a vault warden.

Vanquished Creatures
  2 krakens
  Frances (Shoals:1)
  Kirke (Spider:4)
  Gastronok (D:10)
  Donald (Spider:3)
  Ilsuiw (Shoals:4)
  The ghost of Godd the Metamorph, an adept MfSh of Trog (Shoals:1)
  5 emperor scorpions (Spider:4)
  4 ghost moths
  A vault warden (Vaults:1)
  An orc warlord (Vaults:1)
  2 war gargoyles
  2 broodmothers
  7 ironbound preservers
  The ghost of Zacwowae the Fighter, a journeyman MiFi of Qazlal (Lair:1)
  An ironbound thunderhulk (Vaults:1)
  5 dire elephants
  A spark wasp (Spider:4)
  3 merfolk javelineers
  An ettin (Orc:2)
  5 merfolk impalers
  6 hydras
  A spectral kraken (Shoals:1)
  2 yaktaur captains (Vaults:1)
  The ghost of Coanextu the Cleaver, a journeyman HOFi of Beogh (D:13)
  2 entropy weavers
  2 great orbs of eyes
  A peacekeeper (Vaults:2)
  Erolcha (D:13)
  3 jorogumos
  2 ghost crabs (Shoals:1)
  5 ironbound frosthearts (Vaults:1)
  3 catoblepae
  2 merfolk avatars
  5 centaur warriors
  A death knight (D:14)
  A radroach (Spider:4)
  A satyr (Shoals:4)
  4 ogre magi
  19 two-headed ogres
  4 boulder beetles
  5 death yaks (Lair:5)
  A deep troll shaman (Lair:5)
  11 demonic crawlers
  4 tengu warriors
  Urug (D:11)
  5 sun demons (Shoals:3)
  A fire crab (Lair:2)
  6 pharaoh ants
  3 skysharks
  16 deep trolls (Vaults:2)
  A sun moth (Shoals:3)
  Lodul (D:12)
  7 sea snakes
  16 orb spiders
  A phantasmal warrior (Vaults:1)
  5 orc knights
  An arcanist (Vaults:1)
  6 ironbound convokers
  15 steelbarb worms
  3 harpies (Vaults:1)
  10 lindwurms
  10 fauns
  5 ugly things
  An orc sorcerer (Orc:2)
  3 cyclopes
  6 manticores
  21 wolf spiders
  26 elephants
  6 moths of wrath
  6 merfolk sirens
  4 water nymphs
  A spectral alligator snapping turtle (Shoals:1)
  4 black mambas
  6 torpor snails
  2 centaur skeletons (D:12)
  3 vault sentinels
  Maggie (D:10)
  Psyche (D:10)
  17 cane toads
  An unseen horror (D:13)
  4 rime drakes
  6 kobold demonologists
  2 tengu conjurers
  9 komodo dragons
  2 efreet
  2 spectral merfolk (Shoals:1)
  5 yaktaurs
  6 meliai
  7 merfolk
  2 wind drakes
  3 polar bears
  A meliai (shapeshifter) (D:14)
  3 hellwings (D:12)
  A hornet (D:10)
  6 trolls
  Prince Ribbit (D:6)
  21 blink frogs
  4 dream sheep (Shoals:1)
  24 tarantellas
  4 spectral manticores (Shoals:1)
  7 snapping turtles
  20 culicivoras
  36 jumping spiders
  Sigmund (D:3)
  A spectral wind drake (Shoals:1)
  28 slime creatures
  A shadow (D:12)
  A vampire (D:12)
  2 water elementals
  3 wyverns
  46 yaks
  53 redbacks
  A wraith (D:13)
  A hog (Spider:4)
  2 basilisks
  15 humans (D:14)
  11 vampire mosquitoes
  A steam dragon (D:6)
  5 wargs
  16 water moccasins
  A spectral snapping turtle (Shoals:1)
  2 black bears
  13 orc warriors
  An ice beast (D:7)
  7 centaurs
  4 boggarts (Vaults:1)
  30 ogres
  24 wolves
  8 kobold brigands
  14 bullfrogs
  3 gnoll sergeants
  13 wights (D:8)
  15 killer bees
  13 howler monkeys
  An electric eel (Lair:5)
  15 jellies
  13 orc priests
  Ijyb (D:3)
  A gnoll bouda (D:6)
  2 hounds
  3 sleepcaps
  3 iguanas (D:5)
  Natasha (thrice) (D:4)
  12 orc wizards
  Robin (D:3)
  21 gnolls
  8 adders
  A shadow imp (D:6)
  3 white imps
  2 ufetubi (D:5)
  2 worms
  3 dart slugs (D:1)
  70 orcs
  A bat zombie (D:10)
  16 endoplasms
  A giant cockroach (D:4)
  17 goblins
  17 hobgoblins
  2 jackals (D:1)
  A quokka (D:4)
  10 ball pythons
  4 bats
  2 frilled lizards
  38 kobolds
  4 rats
  A rat zombie (D:10)
  A spectral weapon (Shoals:1)
  13 tentacles
1161 creatures vanquished.

Vanquished Creatures (collateral kills)
  An emperor scorpion (Spider:4)
  2 ogre magi (Orc:2)
  5 two-headed ogres (Orc:2)
  A redback (Spider:4)
  8 ogres (Orc:2)
17 creatures vanquished.

Vanquished Creatures (others)
  A merfolk aquamancer (Shoals:4)
  An orb spider (Spider:4)
  A snapping turtle (Shoals:1)
  2 humans (Spider:4)
  2 kobold brigands
  An orc (Orc:2)
  A kobold (D:8)
  27 tentacles
36 creatures vanquished.

Grand Total: 1214 creatures vanquished

Notes
Turn   | Place    | Note
-------+----------+-------------------------------------------
     0 | D:1      | Persephone the Minotaur Monk began the quest for the Orb.
     0 | D:1      | Reached XP level 1. HP: 19/19 MP: 0/0
   298 | D:1      | Reached XP level 2. HP: 24/26 MP: 1/1
   525 | D:1      | Reached skill level 5 in Axes
   564 | D:1      | Reached XP level 3. HP: 29/31 MP: 2/2
  1273 | D:2      | Reached XP level 4. HP: 38/39 MP: 3/3
  1773 | D:3      | Reached skill level 1 in Shields
  1787 | D:3      | Noticed Robin
  1809 | D:3      | Gained mutation: You are strong-willed. (Will+) [potion of
                  | mutation]
  1815 | D:3      | Killed Robin
  1996 | D:3      | Found Seojei's Book Boutique.
  2081 | D:3      | Noticed Ijyb
  2104 | D:3      | Killed Ijyb
  2105 | D:3      | Reached XP level 5. HP: 40/45 MP: 4/4
  2221 | D:3      | Found a faded altar of an unknown god.
  2315 | D:3      | Noticed Sigmund
  2333 | D:3      | Killed Sigmund
  2334 | D:3      | Reached XP level 6. HP: 5/51 MP: 5/5
  3213 | D:4      | Identified the +2 cloak "Paligua" {Str+3 Dex+2}
  3418 | D:4      | Noticed Natasha
  3424 | D:4      | Killed Natasha
  3469 | D:4      | Noticed Natasha
  3476 | D:4      | Killed Natasha
  3559 | D:4      | Found Poilem's Antique Armour Emporium.
  3715 | D:4      | Reached XP level 7. HP: 5/57 MP: 6/6
  3944 | D:4      | Noticed Natasha
  3954 | D:4      | Killed Natasha
  4084 | D:5      | Entered Level 5 of the Dungeon
  4436 | D:5      | Reached skill level 5 in Shields
  4603 | D:5      | Found a sacrificial altar of Ru.
  4878 | D:5      | Identified the +4 whip of Spite {flame, rN+}
  4888 | D:5      | Reached skill level 10 in Axes
  5517 | D:6      | Reached XP level 8. HP: 38/64 MP: 7/7
  5716 | D:6      | Found a staircase to the Ecumenical Temple.
  5743 | Temple   | Entered the Ecumenical Temple
  5889 | Temple   | Became a worshipper of the Shining One
  5889 | Temple   | Reached * piety under the Shining One
  5889 | Temple   | Reached ** piety under the Shining One
  6139 | D:6      | Found Jixilisch's Jewellery Shop.
  6226 | D:6      | Noticed Prince Ribbit
  6236 | D:6      | Killed Prince Ribbit
  6536 | D:7      | Found a white marble altar of Elyvilon.
  6562 | D:7      | Found a flagged portal.
  6575 | Bailey   | Entered a bailey
  6621 | Bailey   | Noticed an orc knight
  6865 | Bailey   | Reached XP level 9. HP: 41/70 MP: 6/8
  7013 | Bailey   | Killed an orc knight
  7532 | D:7      | Reached skill level 15 in Axes
  7892 | D:7      | Found Zehuss's Armour Emporium.
  7918 | D:7      | Bought the +0 mask of the Dragon {Will+ Slay+3 SInv} for
                  | 434 gold pieces
  7918 | D:7      | Found the +0 mask of the Dragon {Will+ Slay+3 SInv}
  8384 | D:7      | Noticed an oklob plant
  8406 | D:7      | Reached skill level 1 in Armour
  8520 | D:6      | Bought the ring "Uchul" {Will+ rCorr} for 358 gold pieces
  8593 | D:4      | Bought a polished scale mail for 252 gold pieces
  8593 | D:4      | Identified the +0 scale mail of Sadi {Dex+4} (You bought it
                  | in a shop on level 4 of the Dungeon)
  8785 | D:8      | Reached skill level 4 in Fighting
  8785 | D:8      | Reached skill level 1 in Invocations
  8785 | D:8      | Reached XP level 10. HP: 72/78 MP: 9/9
  9007 | D:8      | Noticed a two-headed ogre
  9016 | D:8      | Killed a two-headed ogre
  9017 | D:8      | Reached skill level 5 in Fighting
  9275 | D:8      | Noticed a cyan ugly thing
  9285 | D:8      | Killed a cyan ugly thing
  9411 | D:8      | Noticed a two-headed ogre
  9417 | D:8      | Killed a two-headed ogre
  9423 | D:8      | Reached *** piety under the Shining One
  9427 | D:8      | Reached skill level 6 in Fighting
  9734 | D:7      | Bought a +2 plate armour of poison resistance for 481 gold
                  | pieces
  9875 | D:9      | Reached skill level 5 in Armour
  9878 | D:9      | Found a staircase to the Orcish Mines.
 10455 | D:9      | Reached XP level 11. HP: 91/91 MP: 13/13
 10657 | D:10     | Entered Level 10 of the Dungeon
 10657 | D:10     | Noticed Psyche
 10665 | D:10     | Killed Psyche
 10666 | D:10     | Reached skill level 7 in Fighting
 10753 | D:10     | Reached skill level 5 in Invocations
 10757 | D:10     | Found Weiph's Fire Supplies.
 10783 | D:10     | Found a runed translucent door.
 10789 | D:10     | Noticed flord's ghost (journeyman MiFi)
 10873 | D:10     | Found a sparkling altar of Nemelex Xobeh.
 10946 | D:10     | Found an iron altar of Okawaru.
 10946 | D:10     | Noticed Gastronok
 10959 | D:10     | Killed Gastronok
 11273 | D:10     | Found a staircase to the Lair.
 11336 | D:10     | Found a burning altar of Makhleb.
 11431 | D:10     | Reached **** piety under the Shining One
 11439 | D:10     | Found an ancient bone altar of Kikubaaqudgha.
 11441 | D:10     | Identified the +11 short sword "Appujet" {drain, rPois
                  | rCorr Int-3}
 11453 | D:10     | Noticed Maggie
 11461 | D:10     | Killed Maggie
 11468 | D:10     | Reached skill level 8 in Fighting
 11524 | D:10     | Found Zoratokk's Distillery.
 11655 | Lair:1   | Entered Level 1 of the Lair of Beasts
 11992 | Lair:1   | Reached skill level 9 in Fighting
 12035 | Lair:1   | Reached XP level 12. HP: 104/104 MP: 16/16
 12141 | Lair:1   | Reached skill level 10 in Shields
 12580 | Lair:1   | Found a runed translucent gate.
 12582 | Lair:1   | Found a runed translucent gate.
 12583 | Lair:1   | Found a runed translucent gate.
 12585 | Lair:1   | Noticed Zacwowae's ghost (journeyman MiFi)
 12585 | Lair:1   | Noticed a great orb of eyes
 12595 | Lair:1   | Found a viscous altar of Jiyva.
 12717 | Lair:1   | Identified a scroll of acquirement
 12717 | Lair:1   | Acquired 872 gold pieces
 13080 | Lair:2   | Reached skill level 10 in Fighting
 13080 | Lair:2   | Reached skill level 1 in Throwing
 13388 | Lair:2   | Reached skill level 10 in Armour
 13395 | Lair:2   | Found a hole to the Spider Nest.
 13488 | Lair:2   | Found the amulet of Elemental Vulnerability {rPois rF--
                  | rC-- AC+8}
 13510 | Lair:2   | Reached skill level 11 in Fighting
 13897 | Lair:2   | Reached XP level 13. HP: 95/116 MP: 17/17
 14074 | Lair:2   | Reached skill level 5 in Throwing
 14354 | Lair:2   | Found a staircase to the Shoals.
 14933 | Lair:3   | Reached skill level 12 in Fighting
 15836 | Lair:4   | Found a staircase to the Slime Pits.
 15836 | Lair:4   | Found a viscous altar of Jiyva.
 16441 | Lair:4   | Found a runed translucent door.
 16530 | Lair:4   | Identified the +2 battleaxe of Valour {vamp, *Corrode
                  | +Blink Dex+4}
 16592 | Lair:5   | Entered Level 5 of the Lair of Beasts
 16688 | Lair:5   | Reached skill level 13 in Fighting
 17168 | Lair:5   | Reached XP level 14. HP: 123/130 MP: 18/18
 17515 | Lair:5   | Reached ***** piety under the Shining One
 17542 | Lair:5   | Reached skill level 14 in Fighting
 17877 | Lair:5   | Found a transporter.
 17888 | Lair:5   | Noticed Ynuawnun's ghost (journeyman MiFi)
 17921 | Lair:5   | Found a transporter.
 18727 | Orc:1    | Entered Level 1 of the Orcish Mines
 19311 | Orc:2    | Entered Level 2 of the Orcish Mines
 19417 | Orc:2    | Found a staircase to the Elven Halls.
 19520 | Orc:2    | Found Kobotsa's Magic Scroll Emporium.
 19520 | Orc:2    | Found Epekung's Armour Shop.
 19532 | Orc:2    | Reached skill level 15 in Fighting
 19544 | Orc:2    | Reached skill level 10 in Throwing
 19545 | Orc:2    | Found Urexoeff's General Store.
 19545 | Orc:2    | Found Enwuq's Magic Scroll Emporium.
 19553 | Orc:2    | The Shining One protects you from harm!
 20463 | D:10     | Bought a potion of heal wounds for 65 gold pieces
 20463 | D:10     | Bought a potion of heal wounds for 65 gold pieces
 20463 | D:10     | Bought a potion of haste for 130 gold pieces
 20519 | D:11     | Reached skill level 15 in Armour
 20545 | D:11     | Noticed Urug
 20559 | D:11     | Killed Urug
 20753 | D:11     | Reached XP level 15. HP: 119/141 MP: 19/19
 21551 | D:12     | Noticed Lodul
 21561 | D:12     | Reached skill level 16 in Fighting
 21565 | D:12     | Killed Lodul
 22169 | D:12     | Found the +4 Cigotuvi's embrace {Corpsefed rMiasma Drain
                  | rN+}
 22209 | D:13     | Noticed Erolcha
 22220 | D:13     | Killed Erolcha
 22298 | D:13     | Found a runed translucent gate.
 22298 | D:13     | Found a runed translucent gate.
 22298 | D:13     | Found a runed translucent gate.
 22299 | D:13     | Noticed Coanextu's ghost (journeyman HOFi)
 23164 | D:13     | Killed Coanextu's ghost
 23208 | D:14     | Found a gate to the Vaults.
 23543 | D:14     | Reached skill level 17 in Fighting
 24310 | Shoals:1 | Entered Level 1 of the Shoals
 24310 | Shoals:1 | Reached ****** piety under the Shining One
 24645 | Shoals:1 | Reached XP level 16. HP: 96/155 MP: 17/20
 25164 | Shoals:1 | Noticed Frances
 25182 | Shoals:1 | Killed Frances
 25655 | Shoals:1 | Found a runed translucent gate.
 25655 | Shoals:1 | Found a runed translucent gate.
 25658 | Shoals:1 | Found a runed translucent gate.
 25660 | Shoals:1 | Noticed Godd's ghost (adept MfSh)
 25695 | Shoals:1 | Killed Godd's ghost
 25878 | Lair:1   | Killed Zacwowae's ghost
 25943 | Lair:1   | Identified the ring "Futiduko" {rF+ rN+ SInv Stlth-}
 26998 | Shoals:3 | Reached skill level 18 in Fighting
 27220 | Shoals:3 | Noticed a kraken
 27230 | Shoals:3 | Killed a kraken
 27452 | Shoals:4 | Entered Level 4 of the Shoals
 27452 | Shoals:4 | Noticed Ilsuiw
 27823 | Shoals:4 | Killed Ilsuiw
 27857 | Shoals:4 | Noticed a kraken
 28293 | Shoals:4 | Killed a kraken
 28387 | Shoals:4 | Got a barnacled rune of Zot
 28512 | Spider:1 | Entered Level 1 of the Spider Nest
 28907 | Spider:1 | Reached XP level 17. HP: 100/166 MP: 21/21
 31281 | Spider:3 | Noticed Donald
 31289 | Spider:3 | Killed Donald
 31334 | Spider:3 | Reached skill level 15 in Throwing
 31855 | Spider:4 | Entered Level 4 of the Spider Nest
 32185 | Spider:4 | Noticed Kirke
 32350 | Spider:4 | Killed Kirke
 32724 | Spider:4 | Reached skill level 19 in Fighting
 33043 | Spider:4 | Reached XP level 18. HP: 156/176 MP: 23/23
 34098 | Spider:4 | Identified the +0 pair of boots of Unreason {Harm rPois}
 34105 | Spider:4 | Got a gossamer rune of Zot
 34536 | Orc:2    | Bought a scroll of fear for 56 gold pieces
 34536 | Orc:2    | Bought a scroll of revelation for 105 gold pieces
 34536 | Orc:2    | Bought a scroll of teleportation for 42 gold pieces
 34539 | Orc:2    | Bought a potion of curing for 36 gold pieces
 34539 | Orc:2    | Bought a potion of might for 48 gold pieces
 34722 | Vaults:1 | Entered Level 1 of the Vaults
 36718 | Vaults:1 | Identified the +10 mace "Nuonifeb" {heavy, rN+++ rCorr
                  | Int+2 Dex-2}
 36879 | Vaults:2 | Reached skill level 20 in Fighting
 37161 | Vaults:2 | Reached skill level 10 in Invocations
 37411 | Vaults:2 | Slain by a vault warden

Illustrated notes

Levels and vault maps discovered:
D:1:      nagdon_arrival_double_spiral, layout_basic, nicolae_wormholes
D:2:      layout_loops_ring
D:3:      layout_loops_ring, serial_shops, nicolae_shop_gibbet_a_chance,
          dreamdust_ecumenical_altar_statues, minmay_misc_feat_more_columns,
          uniq_sigmund, uniq_robin, uniq_ijyb
D:4:      layout_basic, serial_shops, nicolae_shop_trees, uniq_natasha
D:5:      layout_loops_corners, hangedman_ru_absence, minmay_misc_feat_doors
D:6:      layout_gridville, minmay_temple_entry_gardened_gates, serial_shops,
          nicolae_shop_gaudy_bauble, uniq_prince_ribbit1
D:7:      lemuel_slime, layout_basic, mainiacjoe_overflow_six_doors_small,
          serial_shops, nicolae_shop_statue_plus, enter_bailey_3,
          minmay_fractal_squares_5
D:8:      minmay_skewed_foursquare, layout_basic
D:9:      layout_irregular_city, hiddenorc2_lemuel, grunt_decor_mini_mirrors
D:10:     layout_rooms, mainiacjoe_overflow_alcove_2,
          lemuel_zombie_altar_kikubaaqudgha, mainiacjoe_overflow_big_doors,
          david_lair_shrubbed, gammafunk_ghost_grave, serial_shops,
          nicolae_shop_tiny_real_fake_doors, nicolae_shop_fire_sale
          [nicolae_sub_dead_trees], uniq_gastronok, uniq_maggie, uniq_psyche
D:11:     layout_irregular_city, uniq_urug
D:12:     layout_loops_ring, chequers_avenue, hellmonk_guarded_unrand_cigotuvi,
          uniq_lodul
D:13:     layout_cave_pods, ebering_ghost_rock_garden, kennysheep_doodads,
          uniq_erolcha
D:14:     layout_loops_cross, david_vaults_3
Temple:   eino_temple_scatter_basement
Lair:1:   layout_cave_shapes, gammafunk_ghost_ooze, serial_bayou_shore_b,
          grunt_megastairs_2, lemuel_fruit_tree
Lair:2:   layout_regular_city, minmay_shoals_entry_hut,
          spider_nest_entry_web_field, nzn_random_ring
Lair:3:   layout_chaotic_city, grunt_megastairs_3, lemuel_fruit_fields
Lair:4:   layout_loops_ring, slime_entry_1, pf_torpor_hydra
Lair:5:   grunt_lair_end_beastmaster, layout_gridlike,
          gammafunk_ghost_berserking_beasts
Shoals:1: layout_shoals, ebering_ghost_rock_garden,
          nicolae_shoals_spectral_cove, uniq_frances
Shoals:2: layout_shoals
Shoals:3: layout_shoals, nicolae_shoals_bring_sunscreen
Shoals:4: shoals_end_hangedman, layout_shoals, shoal_ilsuiw,
          ebering_ghost_disaster_area, uniq_bai_suzhen
Spider:1: layout_spider_delve, hangedman_spider_tarantella_strand
Spider:2: layout_chambers
Spider:3: layout_spider_delve, uniq_donald
Spider:4: grunt_spider_rune_circles, hellmonk_narrow_tunnel, uniq_kirke
Orc:1:    layout_diamond_mine
Orc:2:    st_orc_ogre_mass, layout_diamond_mine, mines2_david
Vaults:1: st_cross, nicolae_vaults_hexular_roomagon,
          vaults_room_grunt_arrival_ludios, hangedman_vaults_stretched_pinwheel,
          nicolae_vaults_oval_intersection, nicolae_vaults_trapezoid_lopsided_4,
          nicolae_vaults_sesquioval_fish, vaults_room_fancy_cross,
          vaults_room_door_ring, nicolae_vaults_storage_closets_2,
          vaults_mumra_lcd, layout_vaults_omnigrid
Vaults:2: nicolae_vaults_octothorpe, ontoclasm_vaults_spin,
          nicolae_vaults_trapezoid_lopsided_3, v_rooms_5,
          nicolae_vaults_sealed_display, v_pattern_1,
          minmay_crypt_entry_simple_sparse, nicolae_vaults_stairing_the_circle,
          hangedman_vaults_stagger, ontoclasm_vaults_ligature,
          nicolae_vaults_diagonal_hallway_7, vaults_room_hangedman_quadrants,
          nicolae_vaults_layer_cake_slice, layout_vaults_omnicross

Skill      XL: |  1  2  3  4  5  6  7  8  9 10 11 12 13 14 15 16 17 18 |
---------------+-------------------------------------------------------+-----
Axes           | 4 5 6 7 8 10 13 16 17 18 | 18.0
Shields        | 1 3 4 5 7 9 10 11 13 | 13.0
Armour         | 1 5 8 10 13 15 16 18 19 | 19.7
Fighting       | 4 6 9 11 13 15 17 18 19 20 | 20.1
Invocations    | 1 4 6 7 8 10 | 10.1
Throwing       | 4 8 10 12 13 16 | 16.0
Dodging        | 4 |  4.4

Action                     |  1- 3 |  4- 6 |  7- 9 | 10-12 | 13-15 | 16-18 || total
---------------------------+-------+-------+-------+-------+-------+-------++-------
  Melee: Hand axe          |    88 |   160 |   174 |       |       |       ||   422
         Headbutt          |    13 |    25 |    60 |    72 |   237 |   381 ||   788
         War axe           |       |       |    89 |   357 |   741 |       ||  1187
         Broad axe         |       |       |       |       |    38 |  1117 ||  1155
  Throw: Boomerang         |       |       |    53 |   269 |   130 |       ||   452
         Javelin           |       |       |       |       |    38 |    92 ||   130
 Invoke: Divine Shield     |       |       |     2 |     5 |    23 |    35 ||    65
         Summon Divine War |       |       |       |       |     1 |     1 ||     2
         Cleansing Flame   |       |       |       |       |       |     1 ||     1
    Use: Potion            |       |     4 |     1 |       |     2 |     6 ||    13
         Scroll            |       |    11 |    15 |     3 |     9 |     5 ||    43
 Armour: Robe              |    28 |       |       |       |       |       ||    28
         Ring mail         |    11 |    93 |   134 |       |       |       ||   238
         Scale mail        |       |       |     1 |    10 |       |       ||    11
         Plate armour      |       |       |       |   194 |   509 |   885 ||  1588
  Dodge: Dodged            |    51 |    65 |   116 |    70 |   162 |   316 ||   780
  Block: Buckler           |    11 |    31 |    89 |       |    80 |   861 ||  1072
         Kite shield       |       |       |     6 |   325 |   682 |       ||  1013
         Reflection        |       |       |       |    18 |    31 |    31 ||    80

Table legend: (Time is in decaauts)
 A = Elapsed time spent in this place.
 B = Non-inter-level travel time spent in this place.
 C = Inter-level travel time spent in this place.
 D = Time resting spent in this place.
 E = Time spent auto-exploring this place.
 F = Levels seen in this place.
 G = Mean time per level.
                   A        B        C        D        E       F      G
               +--------+--------+--------+--------+--------+-----+--------+
         Total |  37465 |  33907 |   3558 |      0 |  27437 |  33 | 1135.3 |
       Dungeon |  15474 |  13691 |   1783 |      0 |  11323 |  14 | 1105.3 |
        Temple |    155 |     94 |     61 |      0 |     90 |   1 |  155.0 |
          Lair |   7234 |   6402 |    832 |      0 |   5033 |   5 | 1446.8 |
        Shoals |   3954 |   3600 |    354 |      0 |   2872 |   4 |  988.5 |
   Spider Nest |   5365 |   5094 |    271 |      0 |   4046 |   4 | 1341.2 |
  Orcish Mines |   1796 |   1593 |    203 |      0 |   1372 |   2 |  898.0 |
        Vaults |   2614 |   2562 |     52 |      0 |   2209 |   2 | 1307.0 |
        Bailey |    870 |    870 |      0 |      0 |    490 |   1 |  870.0 |
               +--------+--------+--------+--------+--------+-----+--------+

Top non-repeatable levels by time:
  Lair:2: 2207 daAuts
Vaults:1: 2076 daAuts
  Lair:5: 1920 daAuts
Shoals:1: 1483 daAuts
Shoals:3: 1464 daAuts
     D:5: 1450 daAuts
Spider:2: 1449 daAuts
    D:10: 1418 daAuts
Spider:1: 1370 daAuts
  Lair:1: 1355 daAuts
     D:4: 1292 daAuts
     D:7: 1273 daAuts
Spider:3: 1272 daAuts
Spider:4: 1272 daAuts
   Orc:2: 1162 daAuts
